 Dungeon Crawl Stone Soup version 0.28.0-53-g5a82cb258f (webtiles) character file.

Game seed: 15050981506336331049

7 LynnLen the Gusty (level 1, -1/7 HPs)
             Began as a Felid Air Elementalist on Aug 1, 2022.
             Frozen to death by an endoplasm (5 damage)
             ... on level 1 of the Dungeon.
             The game lasted 00:01:45 (388 turns).

LynnLen the Gusty (Felid Air Elementalist)           Turns: 388, Time: 00:01:46

Health: -1/7       AC:  1    Str:  4    XL:     1   Next: 91%
Magic:  3/4        EV: 17    Int: 16    God:
Gold:   0          SH:  0    Dex: 16    Spells: 3/4 levels left
                                        Lives:  0   Deaths: 0

rFire   . . .      SeeInvis +   (weapon unavailable)
rCold   . . .      Faith    .   (shield unavailable)
rNeg    . . .      Spirit   .   (armour unavailable)
rPois   .          Reflect  .   (helmet unavailable)
rElec   .          Harm     .   (cloak unavailable)
rCorr   .          Rampage  .   (gloves unavailable)
Will    .....                   (boots unavailable)
Stlth   ++........              (no amulet)
HPRegen 0.02/turn               (no ring)
MPRegen 0.09/turn               (no ring)

@: quick
A: very small, claws 1, fangs 3, see invisible, speed 1, shaggy fur 1, stealthy
paws, no weapons or thrown items, no armour, multi-lived
a: no special abilities


You were on level 1 of the Dungeon.
You visited 1 branch of the dungeon, and saw 1 of its levels.

Inventory:

Scrolls
 a - a scroll of fog {unknown}


   Skills:
 - Level 2.6 Dodging
 - Level 2.6 Stealth
 + Level 2.1 Spellcasting
 * Level 1.1 Conjurations
 + Level 3.0 Air Magic


You had 3 spell levels left.
You knew the following spells:

 Your Spells              Type           Power      Damage    Failure   Level
a - Shock                 Conj/Air       32%        1d5       9%          1

Your spell library contained the following spells:

 Spells                   Type           Power      Damage    Failure   Level
 Static Discharge         Conj/Air       8%         N/A       13%         2
 Swiftness                Air            11%        N/A       19%         3
 Airstrike                Air            5%         N/A       52%         4


Dungeon Overview and Level Annotations

Branches:
Dungeon (1/15)

Altars:


Innate Abilities, Weirdness & Mutations

You have sharp claws.
You have razor-sharp teeth.
You have supernaturally acute eyesight. (SInv)
You cover ground quickly. (Speed+)
You are covered in fur. (AC +1)
Your paws help you pounce on unaware monsters.
You are incapable of wielding weapons or throwing items.
You cannot wear armour.
You gain extra lives every three experience levels.


Message History

You start waiting.
Done waiting.
A hobgoblin comes into view.
The hobgoblin shouts!
A rat comes into view.
The hobgoblin barely misses you. The hobgoblin barely misses you.
An endoplasm comes into view.
The endoplasm quivers.
Aiming: Shock (safe; 9% risk of failure)
Press: ? - help, Q - select action Shift-Dir - straight line The zap misses the hobgoblin.
The zap misses the endoplasm.
The zap hits the endoplasm.
The endoplasm is lightly wounded.
The hobgoblin misses you.
You scratch the hobgoblin but do no damage.
The hobgoblin barely misses you.
You barely miss the hobgoblin. The hobgoblin barely misses you.
You barely miss the hobgoblin. The hobgoblin misses you.
You scratch the hobgoblin. Your bite misses the hobgoblin.
The hobgoblin is heavily wounded.
The hobgoblin misses you.
You scratch the hobgoblin but do no damage.
The hobgoblin is heavily wounded.
The hobgoblin closely misses you.
You scratch the hobgoblin.
The hobgoblin is severely wounded.
The hobgoblin hits you.
You scratch the hobgoblin.
You kill the hobgoblin!
Your Air Magic skill increases to level 3!
You scratch the endoplasm.
The endoplasm is lightly wounded.
The endoplasm closely misses you.
You scratch the endoplasm but do no damage.
The endoplasm is lightly wounded.
The endoplasm freezes you.
You are frozen.
Ouch! That really hurt!
You die...

#######
r......
.......##
.......
#..#
......
##r#
#.....
#J#
#.....
#@##
#..†..
#..#
#.....
##.#
#...##
#.#
#.....
#.#
##.##.
#.# #.#..
#.# #.#..
#.# #.#..
#.# #.#..


You could see an endoplasm and a rat.

Vanquished Creatures
  A ball python (D:1)
  An endoplasm (D:1)
  A giant cockroach (D:1)
  A goblin (D:1)
  A hobgoblin (D:1)
  A rat (D:1)
6 creatures vanquished.

Notes
Turn   | Place    | Note
-------+----------+-------------------------------------------
     0 | D:1      | LynnLen the Felid Air Elementalist began the quest for the
                  | Orb.
     0 | D:1      | Reached XP level 1. HP: 7/7 MP: 4/4
    24 | D:1      | Reached skill level 1 in Conjurations
   387 | D:1      | Reached skill level 3 in Air Magic
   388 | D:1      | Frozen to death by an endoplasm

Illustrated notes

Levels and vault maps discovered:
D:1:      tarquinn_simple_flora_water_c, layout_basic, minmay_pentomino_x2

Skill      XL: |  1 |
---------------+----+-----
Conjurations   | 1 |  1.1
Air Magic      | 3 |  3.0
Dodging        | |  2.6
Stealth        | |  2.6
Spellcasting   | |  2.1

Action                   || total
-------------------------++-------
Melee: Unarmed           ||    12
 Cast: Shock             ||    10
Armor: Skin              ||     1
Dodge: Dodged            ||    10
